[Event "42nd Olympiad Baku 2016 Open"]
[Site "Baku"]
[Date "2016.09.08"]
[Round "6.12"]
[White "Valderrama Quiceno, Esteban Alb"]
[Black "Shrestha, Bilam Lal"]
[Result "1-0"]
[ECO "A29"]
[WhiteElo "2427"]
[BlackElo "2017"]
[Annotator ""]
[PlyCount "135"]
[EventDate "2016.??.??"]
[EventCountry "AZE"]
[SourceTitle "playchess.com"]
[Source "ChessBase"]
[WhiteTeam "Colombia"]
[BlackTeam "Nepal"]
[WhiteTeamCountry "COL"]
[BlackTeamCountry "NEP"]
[TimeControl "40/5400+30:1800+30"]

1. c4 {(00:00} e5 {(00:08} 2. Nc3 {(00:10} Nf6 {
(00:13} 3. Nf3 {(00:06} Nc6 {(01:00} 4. g3 {(01:
10} d6 {(01:43} 5. Bg2 {(01:15} Be7 {(00:03} 6. O-O {
(01:45} O-O {(00:05} 7. h3 {(06:28} a6 {(01:30}
8. d4 {(00:39} exd4 {(01:05} 9. Nxd4 {(00:09} Nxd4 {
(00:20} 10. Qxd4 {(00:07} Rb8 {(00:20} 11. b3 {(
01:47} b5 {(01:56} 12. cxb5 {(07:43} axb5 {(00:14} 13.
Bb2 {(04:10} Be6 {(08:20} 14. Rfd1 {(07:39} Qd7 {
(10:19} 15. Kh2 {(07:41} Rfd8 {(00:55} 16. e4 {(
05:58} c5 {(03:24} 17. Qe3 {(03:02} Qc7 {(03:01} 18.
Ne2 {(05:02} Nd7 {(14:41} 19. Nf4 {(02:36} Bf6 {
(01:00} 20. Bxf6 {(01:24} Nxf6 {(00:57} 21. Rd2 {
(03:55} Rbc8 {(06:33} 22. Rad1 {(03:04} c4 {(01:
44} 23. e5 {(02:09} dxe5 {(01:44} 24. Rxd8+ {(00:14}
Rxd8 {(00:03} 25. Qxe5 {(01:17} Qc8 {(02:35} 26. Rxd8+
{(00:29} Qxd8 {(00:07} 27. Qxb5 {(01:17} c3 {(
02:41} 28. Qc6 {(10:34} Qc8 {(02:32} 29. Qxc8+ {(02:16]
} Bxc8 {(00:02} 30. Ne2 {(00:07} c2 {(00:07} 31. g4 {
(00:20} g5 {(01:22} 32. Nc1 {(02:38} Kf8 {(00:
18} 33. Kg1 {(02:57} Ke7 {(00:50} 34. Bf1 {(04:09} Nd5
{(01:15} 35. Bd3 {(00:26} Nf4 {(00:15} 36. Bxh7 {
(00:56} Nxh3+ {(02:21} 37. Kf1 {(01:46} Bxg4 {(
00:16} 38. Bxc2 {(00:06} Nf4 {(00:28} 39. Ke1 {(00:26}
Kd6 {(00:33} 40. Kd2 {(00:00} Be6 {(00:00} 41. Ke3 {
(10:07} f5 {(03:26} 42. f3 {(03:49} Nd5+ {(08:
20} 43. Kd4 {(00:26} Nf4 {(02:53} 44. a3 {(08:19} g4 {
(00:51} 45. fxg4 {(00:35} fxg4 {(00:02} 46. Ke4 {
(00:18} Ng2 {(02:06} 47. Bd1 {(03:41} Bd5+ {(04:
23} 48. Kd4 {(00:01} Bf3 {(00:47} 49. Bxf3 {(06:54}
gxf3 {(00:03} 50. Nd3 {(00:05} Ne1 {(01:48} 51. a4 {
(00:01} Kc6 {(00:57} 52. Nb4+ {(03:15} Kb7 {(00:
38} 53. Ke3 {(00:15} Ng2+ {(01:44} 54. Kxf3 {(00:09}
Nh4+ {(00:08} 55. Ke4 {(00:07} Ng6 {(00:06} 56. Nd5 {
(00:43} Nf8 {(00:16} 57. b4 {(00:51} Nd7 {(00:
16} 58. Kd4 {(00:05} Ka6 {(00:41} 59. Kc3 {(01:03} Ne5
{(00:52} 60. Ne3 {(00:21} Nd7 {(00:27} 61. Nc4 {
(00:15} Kb7 {(01:27} 62. Kd4 {(00:17} Nb8 {(00:
21} 63. b5 {(00:31} Nd7 {(00:46} 64. a5 {(00:42} Nb8 {
(01:14} 65. Ne5 {(00:30} Kc7 {(00:18} 66. Kc5 {(
00:14} Kb7 {(00:14} 67. Kd6 {(00:26} Kc8 {(00:20} 68.
a6 {(01:11} 1-0

[Event "42nd Olympiad Baku 2016 Open"]
[Site "Baku"]
[Date "2016.09.08"]
[Round "6.7"]
[White "Valdes Romero, Leonardo"]
[Black "Bukannan, Ahmed A"]
[Result "1-0"]
[ECO "A05"]
[WhiteElo "2387"]
[BlackElo "1890"]
[Annotator ""]
[PlyCount "135"]
[EventDate "2016.??.??"]
[EventCountry "AZE"]
[SourceTitle "playchess.com"]
[Source "ChessBase"]
[WhiteTeam "Costa Rica"]
[BlackTeam "KSA"]
[WhiteTeamCountry "CRI"]
[TimeControl "40/5400+30:1800+30"]

1. Nf3 {(00:00} Nf6 {(00:10} 2. g3 {(00:00} g6 {
(01:39} 3. Bg2 {(00:00} Bg7 {(00:15} 4. O-O {(
00:11} O-O {(00:36} 5. c4 {(00:28} d6 {(01:28} 6. d4 {
(00:09} c6 {(02:26} 7. Nc3 {(02:39} Nbd7 {(04:
45} 8. h3 {(00:21} d5 {(00:59} 9. Qb3 {(03:07} e6 {
(05:45} 10. Rd1 {(01:01} b6 {(02:45} 11. Bf4 {(
04:20} Bb7 {(12:59} 12. e4 {(02:52} Nxe4 {(02:07} 13.
Nxe4 {(00:06} dxe4 {(00:08} 14. Ng5 {(00:06} Nf6 {
(02:43} 15. Nxe4 {(02:43} Nxe4 {(01:48} 16. Bxe4 {
(00:05} Re8 {(11:04} 17. Bg2 {(03:09} Qd7 {(07:
52} 18. Be3 {(11:02} Rac8 {(08:20} 19. a4 {(01:28} Qc7
{(03:30} 20. a5 {(05:38} Rb8 {(03:47} 21. Qa4 {(
06:05} b5 {(03:20} 22. Qc2 {(00:19} Ba6 {(01:36} 23.
c5 {(14:01} Rbd8 {(04:44} 24. Qe4 {(02:21} Rc8 {
(00:18} 25. b4 {(00:46} Qd7 {(01:16} 26. h4 {(
01:18} Qd5 {(01:22} 27. Qc2 {(00:17} Qd7 {(00:23} 28.
Bf3 {(01:16} Qe7 {(01:50} 29. Kg2 {(00:41} h6 {(
01:27} 30. Ra3 {(00:57} Red8 {(03:21} 31. Qc1 {(05:04}
Kh7 {(01:24} 32. Ra2 {(03:46} Rh8 {(01:59} 33. Qb1 {
(00:29} Kg8 {(00:13} 34. Bf4 {(00:42} Qd7 {(01:
39} 35. Be5 {(01:25} Qe7 {(03:05} 36. Qa1 {(01:01} Qe8
{(00:54} 37. Bxg7 {(01:05} Kxg7 {(00:01} 38. Bxc6 {
(01:19} Rxc6 {(01:05} 39. d5+ {(00:05} Kh7 {(00:
24} 40. dxc6 {(00:00} Qxc6+ {(00:00} 41. f3 {(00:12}
Bb7 {(00:32} 42. Qf6 {(00:25} Qc7 {(02:26} 43. Rad2 {
(02:16} Bd5 {(00:23} 44. Kf2 {(03:59} Rd8 {(01:
50} 45. Rd4 {(00:55} Kg8 {(00:33} 46. h5 {(01:12} gxh5
{(00:16} 47. Qxh6 {(00:15} Qe5 {(00:28} 48. Qe3 {
(03:25} Qf5 {(02:17} 49. g4 {(02:23} hxg4 {(00:
19} 50. Rxg4+ {(00:06} Kf8 {(00:10} 51. Rd2 {(01:50}
Ke7 {(01:10} 52. Qg5+ {(02:40} Qxg5 {(00:03} 53. Rxg5 {
(00:05} a6 {(00:45} 54. Ke3 {(00:19} Kf6 {(02:
01} 55. Rh5 {(00:48} Ke7 {(01:13} 56. Rh6 {(00:28} Ra8
{(01:01} 57. Kf4 {(00:36} Rd8 {(01:59} 58. Rd1 {
(01:25} Ra8 {(00:30} 59. Rxd5 {(00:45} exd5 {(
00:07} 60. Ke5 {(00:04} Rd8 {(00:22} 61. Kd4 {(00:09}
f6 {(00:21} 62. Rh7+ {(00:35} Ke6 {(00:07} 63. Ra7 {
(00:09} Rh8 {(00:25} 64. Rxa6+ {(00:09} Kf5 {(
00:01} 65. Kxd5 {(02:27} Rh4 {(00:08} 66. c6 {(00:11}
Rxb4 {(00:09} 67. c7 {(00:16} Rb1 {(00:11} 68. c8=Q+ {
(00:14] Rd1+ (%clk 0:28:41) Ke4+} 1-0

[Event "42nd Olympiad Baku 2016 Open"]
[Site "Baku"]
[Date "2016.09.08"]
[Round "6.4"]
[White "Vang, Finnbjorn"]
[Black "Rita, Jose"]
[Result "1/2-1/2"]
[ECO "B21"]
[WhiteElo "2067"]
[BlackElo "1625"]
[Annotator ""]
[PlyCount "116"]
[EventDate "2016.??.??"]
[EventCountry "AZE"]
[SourceTitle "playchess.com"]
[Source "ChessBase"]
[WhiteTeam "Faroe Islands"]
[BlackTeam "STP"]
[WhiteTeamCountry "FAI"]
[TimeControl "40/5400+30:1800+30"]

1. e4 {(00:00} c5 {(00:00} 2. d4 {(00:00} cxd4 {
(00:07} 3. c3 {(00:00} dxc3 {(00:59} 4. Nxc3 {(
00:00} Nc6 {(00:34} 5. Nf3 {(00:00} a6 {(01:28} 6. a4
{(03:31} d6 {(01:52} 7. Bc4 {(00:22} e6 {(01:27]
} 8. O-O {(00:11} Be7 {(00:29} 9. Qe2 {(00:10} Nf6 {
(00:43} 10. Rd1 {(00:12} Bd7 {(01:01} 11. h3 {(
13:13} O-O {(03:00} 12. Be3 {(00:44} Qc7 {(01:29} 13.
Rac1 {(00:11} Rac8 {(01:33} 14. Ba2 {(05:56} h6 {
(06:39} 15. b4 {(19:51} Qb8 {(04:11} 16. b5 {(
06:21} axb5 {(02:17} 17. axb5 {(00:39} Na5 {(03:29}
18. Bd4 {(07:59} e5 {(04:27} 19. Be3 {(01:18} b6 {
(00:59} 20. Nd2 {(18:31} Be6 21. Nd5 {(13:53} Nxd5 {
(05:43} 22. exd5 {(00:39} Bd7 {(00:39} 23. Rc6 {
(00:52} Bxc6 {(08:19} 24. dxc6 {(00:15} Qc7 {(
00:39} 25. Bd5 {(05:06} Kh7 {(03:13} 26. Qh5 {(01:00}
f5 {(01:30} 27. f4 {(01:27} g6 {(01:25} 28. Qe2 {
(00:14} Rb8 {(01:17} 29. Qf2 {(00:27} Bf6 {(00:
19} 30. Rb1 {(01:16} Rfe8 {(00:48} 31. Rb4 {(00:24}
exf4 {(00:49} 32. Bxf4 {(00:46} Qe7 {(00:48} 33. Nf3 {
(00:21} g5 {(01:09} 34. Bd2 {(00:16} f4 {(02:36]
} 35. Ra4 {(00:22} Qc7 {(01:43} 36. Nd4 {(00:47} Bxd4 {
(03:00} 37. Qxd4 {(00:07} Re5 {(02:26} 38. Qd3+ {
(00:32} Kg7 {(00:35} 39. Bc3 {(00:15} Rbe8 {(01:
00} 40. Qf5 {(00:00} Qe7 {(00:00} 41. Rxa5 {(13:28}
bxa5 {(10:45} 42. b6 {(00:28} Rf8 {(01:03} 43. Qe6 {
(08:50} Qxe6 {(03:16} 44. Bxe6 {(00:07} Kf6 {(
00:19} 45. Bg4 {(02:16} Ke7 {(00:45} 46. Bxe5 {(00:18}
dxe5 {(01:30} 47. c7 {(03:44} Kd6 {(02:25} 48. c8=Q {
(00:40} Rxc8 {(00:22} 49. Bxc8 {(00:02} e4 {(00:
26} 50. Bf5 {(01:45} e3 {(01:20} 51. Be4 {(01:02} a4 {
(00:21} 52. b7 {(01:01} Kc7 {(00:18} 53. Bd5 {(
00:19} a3 {(01:06} 54. Kf1 {(00:09} h5 {(00:59} 55.
Ke2 {(02:38} g4 {(00:22} 56. h4 {(01:56} g3 {(
02:07} 57. Kf3 {(00:24} Kb8 {(00:23} 58. Ke2 {(00:44}
Kc7 {(00:13} 1/2-1/2

[Event "42nd Olympiad Baku 2016 Open"]
[Site "Baku"]
[Date "2016.09.08"]
[Round "6.32"]
[White "Vella, Duncan"]
[Black "Su, Haifeng"]
[Result "1/2-1/2"]
[ECO "B40"]
[WhiteElo "2017"]
[BlackElo "1800"]
[Annotator ""]
[PlyCount "107"]
[EventDate "2016.??.??"]
[EventCountry "AZE"]
[SourceTitle "playchess.com"]
[Source "ChessBase"]
[WhiteTeam "Malta"]
[BlackTeam "Guyana"]
[WhiteTeamCountry "MLT"]
[BlackTeamCountry "GUY"]
[TimeControl "40/5400+30:1800+30"]

1. e4 {(00:00} c5 {(00:00} 2. Nf3 {(00:00} e6 {(
00:15} 3. g3 {(02:32} Nc6 {(01:13} 4. Bg2 {(00:28} d6
{(03:35} 5. O-O {(00:47} Nf6 {(03:18} 6. Qe2 {(
03:19} Qc7 {(02:48} 7. c3 {(04:46} e5 {(07:18} 8. d3 {
(06:11} Be7 {(00:45} 9. Na3 {(03:11} a6 {(02:32]
} 10. Nc4 {(00:54} O-O {(02:42} 11. h3 {(06:28} b5 {
(06:59} 12. Ne3 {(01:00} Bd8 {(06:39} 13. Nh4 {(
04:00} Be6 {(03:31} 14. f4 {(06:53} exf4 {(05:38} 15.
gxf4 {(00:30} Ne8 {(06:07} 16. Nhf5 {(04:47} Ra7 {
(03:12} 17. Kh1 {(05:44} Kh8 {(00:48} 18. Rg1 {(
04:20} Qd7 {(03:12} 19. Nxg7 {(08:59} Nxg7 {(10:18}
20. f5 {(00:16} Ne5 {(01:11} 21. fxe6 {(05:06} fxe6 {
(01:26} 22. Bd2 {(01:15} Qe8 {(02:01} 23. Raf1 {
(01:55} Raf7 {(01:06} 24. d4 {(05:56} Ng6 {(04:
44} 25. Ng4 {(10:23} Nh5 {(05:53} 26. Kh2 {(00:49}
Nhf4 {(07:42} 27. Bxf4 {(02:41} Nxf4 {(01:10} 28. Qc2 {
(02:04} h5 {(05:21} 29. Ne3 {(01:50} c4 {(01:05]
} 30. Qd1 {(04:15} Rg7 {(01:04} 31. Bf3 {(00:34} Rfg8 {
(01:10} 32. Rxg7 {(00:35} Rxg7 {(00:16} 33. d5 {
(00:46} e5 {(00:54} 34. Nf5 {(00:05} Rd7 {(00:
30} 35. Rg1 {(00:30} Bf6 {(00:22} 36. Nh6 {(01:11} Rg7
{(00:35} 37. Rxg7 {(00:25} Bxg7 {(00:20} 38. Nf5 {
(00:05} Bf8 {(00:19} 39. Qg1 {(00:25} Qf7 {(00:
40} 40. Qg5 {(00:00} a5 {(00:00} 41. Nxd6 {(07:47}
Bxd6 {(09:19} 42. Qh6+ {(00:08} Kg8 {(00:52} 43. Qxd6 {
(00:14} Qa7 {(10:22} 44. Qd8+ {(04:06} Kh7 {(05:
38} 45. Qh4 {(02:55} Qe3 {(00:36} 46. Qe7+ {(08:05}
Kg6 {(02:15} 47. Qe8+ {(00:52} Kh6 {(01:23} 48. Qh8+ {
(00:59} Kg6 {(00:22} 49. Qe8+ {(00:43} Kh6 {(00:
13} 50. Qf8+ {(00:05} Kg6 {(00:54} 51. Qf5+ {(07:11}
Kh6 {(00:26} 52. Qf8+ {(00:26} Kh7 {(00:51} 53. Qe7+ {
(00:43} Kg6 {(00:39} 54. Qe8+ {(00:30} 1/2-1/2

[Event "42nd Olympiad Baku 2016 Open"]
[Site "Baku"]
[Date "2016.09.08"]
[Round "6.3"]
[White "Vidit, Santosh Gujrathi"]
[Black "Van Wely, Loek"]
[Result "1/2-1/2"]
[ECO "D71"]
[WhiteElo "2669"]
[BlackElo "2674"]
[Annotator ""]
[PlyCount "29"]
[EventDate "2016.??.??"]
[EventCountry "AZE"]
[SourceTitle "playchess.com"]
[Source "ChessBase"]
[WhiteTeam "India"]
[BlackTeam "Netherlands"]
[WhiteTeamCountry "IND"]
[BlackTeamCountry "NED"]
[TimeControl "40/5400+30:1800+30"]

1. d4 {(00:00} Nf6 {(00:00} 2. c4 {(00:00} g6 {(
00:00} 3. g3 {(00:18} c6 {(00:48} 4. Bg2 {(01:57} d5 {
(00:06} 5. Qa4 {(06:35} Nfd7 {(01:40} 6. cxd5 {(
00:11} Nb6 {(00:17} 7. Qd1 {(00:07} cxd5 {(00:07} 8.
Nc3 {(00:21} Nc6 {(01:27} 9. e3 {(08:38} Bf5 {(
05:30} 10. Nge2 {(02:50} Nb4 {(00:49} 11. O-O {(01:25}
Bc2 {(00:11} 12. Qe1 {(00:01} Bf5 {(00:44} 13. Qd1 {
(00:50} Bc2 {(00:09} 14. Qe1 {(00:07} Bf5 {(00:
12} 15. Qd1 {(00:20} 1/2-1/2

[Event "42nd Olympiad Baku 2016 Open"]
[Site "Baku"]
[Date "2016.09.08"]
[Round "6.18"]
[White "Villegas, Pierre"]
[Black "Bogner, Sebastian"]
[Result "1/2-1/2"]
[ECO "E32"]
[WhiteElo "2329"]
[BlackElo "2559"]
[Annotator ""]
[PlyCount "93"]
[EventDate "2016.??.??"]
[EventCountry "AZE"]
[SourceTitle "playchess.com"]
[Source "ChessBase"]
[WhiteTeam "Monaco"]
[BlackTeam "Switzerland"]
[WhiteTeamCountry "MNC"]
[BlackTeamCountry "SUI"]
[TimeControl "40/5400+30:1800+30"]

1. d4 {(00:00} Nf6 {(00:00} 2. c4 {(00:00} e6 {(
00:00} 3. Nc3 {(00:00} Bb4 {(00:00} 4. Qc2 {(00:07}
O-O {(00:05} 5. e4 {(00:31} d5 {(00:06} 6. e5 {(
00:13} Ne4 {(00:06} 7. Bd3 {(00:06} c5 {(00:05} 8. Nf3
{(00:21} cxd4 {(00:05} 9. Nxd4 {(00:06} Nd7 {(
00:16} 10. Bf4 {(00:37} Qh4 {(00:14} 11. g3 {(03:19}
Qh5 {(00:01} 12. O-O {(30:47} g5 {(00:07} 13. Bc1 {
(01:41} Bxc3 {(15:03} 14. bxc3 {(00:10} Nxe5 {(
01:38} 15. cxd5 {(12:28} exd5 {(08:18} 16. f3 {(01:00}
Nxd3 {(14:17} 17. Qxd3 {(00:38} Nc5 {(02:42} 18. Qd2 {
(04:51} g4 {(05:59} 19. Ba3 {(09:24} b6 {(00:06]
} 20. Ne2 {(02:15} gxf3 {(05:58} 21. Nf4 {(00:21} Qg5 {
(00:31} 22. Qd4 {(06:03} Bb7 {(06:24} 23. Rxf3 {
(03:27} Rae8 {(09:29} 24. Raf1 {(05:26} Re4 {(
00:41} 25. Qd1 {(00:35} Rfe8 {(04:10} 26. Bc1 {(02:13}
Qe5 {(05:38} 27. R3f2 {(05:34} Re7 {(07:36} 28. Nh5 {
(02:13} Re2 {(01:07} 29. Nf6+ {(02:04} Kh8 {(00:
45} 30. Rxe2 {(01:28} Qxe2 {(00:05} 31. Qd4 {(01:27}
Qd3 {(02:30} 32. Nxd5+ {(05:08} Qxd4+ {(00:05} 33. cxd4
{(00:02} Bxd5 {(00:08} 34. dxc5 {(00:02} bxc5 {(
03:21} 35. Ba3 {(00:47} Rc7 {(05:04} 36. Rf5 {(00:29}
Bxa2 {(00:36} 37. Rxc5 {(00:17} Rb7 {(00:24} 38. Rc2 {
(01:21} Be6 {(00:36} 39. Bb2+ {(00:06} Kg8 {(00:
15} 40. Be5 {(00:00} a5 {(00:00} 41. Rc7 {(02:45} Rb5
{(02:49} 42. Bc3 {(00:16} a4 {(03:27} 43. Ra7 {(
01:25} Rc5 {(00:18} 44. Ra8+ {(01:42} Rc8 {(00:30} 45.
Rxc8+ {(00:29} Bxc8 {(00:06} 46. Kf2 {(00:12} a3 {
(00:09} 47. h4 {(02:11} 1/2-1/2

[Event "42nd Olympiad Baku 2016 Open"]
[Site "Baku"]
[Date "2016.09.08"]
[Round "6.13"]
[White "Volodin, Aleksandr"]
[Black "Zhang, Zhong"]
[Result "0-1"]
[ECO "B07"]
[WhiteElo "2473"]
[BlackElo "2637"]
[Annotator ""]
[PlyCount "76"]
[EventDate "2016.??.??"]
[EventCountry "AZE"]
[SourceTitle "playchess.com"]
[Source "ChessBase"]
[WhiteTeam "Estonia"]
[BlackTeam "Singapore"]
[WhiteTeamCountry "EST"]
[BlackTeamCountry "SIN"]
[TimeControl "40/5400+30:1800+30"]

1. d4 {(00:00} d6 {(00:00} 2. e4 {(01:32} Nf6 {(
00:15} 3. Nc3 {(00:57} c6 {(00:45} 4. Nf3 {(01:43} Qa5
{(01:20} 5. Bd2 {(01:59} Qc7 {(03:48} 6. Bc4 {(
06:56} Bg4 {(09:15} 7. O-O {(03:19} e5 {(01:45} 8. Be3
{(04:37} Be7 {(05:02} 9. h3 {(01:30} Bh5 {(00:
31} 10. a3 {(19:39} Nbd7 {(02:05} 11. Re1 {(05:10} g5
{(11:19} 12. g4 {(02:57} Bg6 {(00:45} 13. Bxg5 {
(04:35} h5 {(03:05} 14. Nh4 {(10:11} Rg8 {(04:
26} 15. Kf1 {(04:07} hxg4 {(02:43} 16. hxg4 {(00:12}
Bh7 {(00:27} 17. Bxf6 {(07:25} Nxf6 {(00:53} 18. dxe5 {
(02:02} dxe5 {(08:12} 19. Qf3 {(06:07} b5 {(10:
47} 20. Bb3 {(01:31} Rxg4 {(00:17} 21. Nf5 {(01:53}
Rf4 {(02:34} 22. Qh3 {(00:08} Bc5 {(02:36} 23. Re2 {
(00:58} Bxf5 {(01:04} 24. exf5 {(00:11} O-O-O {(
00:15} 25. Rd1 {(02:22} Ng4 {(05:27} 26. Rxd8+ {(00:08]
} Qxd8 {(00:24} 27. Bxf7 {(00:07} Nxf2 {(00:32} 28. Qh6
{(00:20} Kb7 {(08:00} 29. Ke1 {(01:34} Ng4 {(05:
34} 30. Qh7 {(01:33} Qd4 {(02:11} 31. Be8+ {(02:02}
Kb8 {(01:32} 32. Qh1 {(00:10} Ne3 {(02:12} 33. Rd2 {
(00:19} Rf1+ {(00:25} 34. Qxf1 {(00:14} Qh4+ {(
00:08} 35. Ke2 {(03:09} Nxf1 {(01:44} 36. Kxf1 {(00:05]
} Qh1+ {(00:15} 37. Ke2 {(00:06} Qg2+ {(00:08} 38. Ke1
{(00:08} Qg1+ {(00:04} 0-1

[Event "42nd Olympiad Baku 2016 Open"]
[Site "Baku"]
[Date "2016.09.08"]
[Round "6.12"]
[White "Volpinari, Danilo"]
[Black "Hemam, Moulaye Brahim"]
[Result "0-1"]
[ECO "B30"]
[WhiteElo "1976"]
[BlackElo "2032"]
[Annotator ""]
[PlyCount "136"]
[EventDate "2016.??.??"]
[EventCountry "AZE"]
[SourceTitle "playchess.com"]
[Source "ChessBase"]
[WhiteTeam "San Marino"]
[BlackTeam "MTN"]
[WhiteTeamCountry "SMR"]
[TimeControl "40/5400+30:1800+30"]

1. e4 {(00:00} c5 {(00:00} 2. Nf3 {(00:00} Nc6 {
(00:01} 3. Bb5 {(01:06} d6 {(00:33} 4. Bxc6+ {(
04:58} bxc6 {(00:09} 5. O-O {(01:01} e5 {(00:58} 6. c3
{(02:44} g5 {(04:52} 7. d3 {(08:50} g4 {(01:27}
8. Nfd2 {(02:54} Nf6 {(09:24} 9. Nc4 {(05:14} Rg8 {
(07:48} 10. Nbd2 {(08:10} Nh5 {(22:56} 11. g3 {(
01:18} Nf4 {(06:26} 12. Nb3 {(08:14} Nh3+ {(01:45} 13.
Kg2 {(01:56} Qf6 {(02:15} 14. Ne3 {(15:44} Bh6 {
(09:57} 15. Na5 {(13:17} Qg6 {(08:45} 16. Nac4 {
(02:36} Ke7 {(04:49} 17. Nf5+ {(06:10} Bxf5 {(
00:45} 18. exf5 {(00:10} Qf6 {(02:27} 19. Bxh6 {(01:04]
} Qxh6 {(00:16} 20. f3 {(03:55} Nf4+ {(04:36} 21. Kh1 {
(00:30} Qh3 {(05:03} 22. Rg1 {(04:44} gxf3 {(02:
39} 23. Qxf3 {(00:38} Rg5 {(01:36} 24. Nd2 {(05:39}
Rh5 {(01:16} 25. Nf1 {(00:32} Nd5 {(00:59} 26. Re1 {
(00:44} Qxf5 {(00:36} 27. Qxf5 {(00:34} Rxf5 {(
00:02} 28. d4 {(00:30} cxd4 {(00:15} 29. cxd4 {(00:02}
f6 {(00:26} 30. Kg2 {(00:37} Kd7 {(00:19} 31. dxe5 {
(00:13} fxe5 {(00:11} 32. Nd2 {(00:10} Raf8 {(
00:31} 33. Ne4 {(00:51} Nf6 {(00:11} 34. Nxf6+ {(01:00]
} R8xf6 {(00:13} 35. Re2 {(00:07} d5 {(00:24} 36. Rd1 {
(00:20} Kd6 {(00:34} 37. Rd3 {(00:10} Rf7 {(00:
49} 38. b4 {(00:32} Rc7 {(01:01} 39. h4 {(00:19} h5 {
(00:10} 40. Ra3 {(00:00} Rf8 {(00:00} 41. Ra6 {(
07:08} Rb8 {(02:40} 42. a3 {(00:37} Rb6 {(01:44} 43.
Ra5 {(00:16} Rf7 {(00:23} 44. Rc5 {(03:59} e4 {(
00:24} 45. Re3 {(00:55} Ra6 {(01:53} 46. Rb3 {(01:53}
Rf3 {(00:28} 47. Rxf3 {(01:26} exf3+ {(00:06} 48. Kxf3
{(00:06} Rxa3+ {(00:07} 49. Kf4 {(00:47} Ra4 {(
00:10} 50. Kg5 {(00:24} Rxb4 {(00:23} 51. Rc3 {(03:44}
d4 {(00:10} 52. Ra3 {(02:13} Rb5+ {(00:11} 53. Kf4 {
(00:25} a5 {(00:36} 54. Ke4 {(00:29} Rd5 {(00:
26} 55. Kd3 {(02:56} Ke5 {(00:39} 56. Ra1 {(00:42} Rc5
{(00:27} 57. Re1+ {(00:53} Kd5 {(00:16} 58. Rg1 {
(00:35} Rc3+ {(00:18} 59. Kd2 {(00:03} a4 {(00:
40} 60. g4 {(00:19} hxg4 {(00:13} 61. Rxg4 {(00:02}
Rh3 {(00:13} 62. Rg5+ {(00:55} Kc4 {(00:11} 63. Ra5 {
(01:09} Rh2+ {(00:14} 64. Kc1 {(00:43} Rxh4 {(
01:15} 65. Rxa4+ {(00:09} Kc3 {(00:08} 66. Ra3+ {(00:
25} Kb4 {(00:08} 67. Ra6 {(01:39} c5 {(00:17} 68. Rg6
{(02:47} Rh2 {(00:19} 0-1

[Event "42nd Olympiad Baku 2016 Open"]
[Site "Baku"]
[Date "2016.09.08"]
[Round "6.25"]
[White "Wang, Yue"]
[Black "Mareco, Sandro"]
[Result "0-1"]
[ECO "A05"]
[WhiteElo "2737"]
[BlackElo "2606"]
[Annotator ""]
[PlyCount "72"]
[EventDate "2016.??.??"]
[EventCountry "AZE"]
[SourceTitle "playchess.com"]
[Source "ChessBase"]
[WhiteTeam "China"]
[BlackTeam "Argentina"]
[WhiteTeamCountry "CHN"]
[BlackTeamCountry "ARG"]
[TimeControl "40/5400+30:1800+30"]

1. Nf3 {(00:00} Nf6 {(00:00} 2. c4 {(00:00} e6 {
(00:00} 3. Nc3 {(00:55} d5 {(00:38} 4. d4 {(00:
19} dxc4 {(01:03} 5. e4 {(02:57} b5 {(00:08} 6. e5 {
(04:55} Nd5 {(00:07} 7. Nxb5 {(00:04} Nb6 {(00:
02} 8. Be2 {(02:34} Nc6 {(00:06} 9. O-O {(01:27} Be7 {
(00:10} 10. Be3 {(04:52} O-O {(02:56} 11. Qc1 {(
05:40} Ba6 {(17:18} 12. Nc3 {(00:35} Bb7 {(00:15} 13.
Rd1 {(04:00} Rb8 {(20:36} 14. d5 {(07:30} Nb4 {(
11:57} 15. dxe6 {(09:13} Qe8 {(00:31} 16. exf7+ {(15:
22} Qxf7 {(00:11} 17. Ne1 {(00:59} Kh8 {(08:19} 18. a3
{(13:49} Nc6 {(00:39} 19. Nf3 {(00:12} Qg6 {(04:
15} 20. Qb1 {(07:17} Rf5 {(00:12} 21. Nd5 {(07:45}
Nxd5 {(03:30} 22. Rxd5 {(00:01} Rbf8 {(00:08} 23. Qe4 {
(03:53} Na5 {(06:21} 24. Rad1 {(01:18} c5 {(02:
33} 25. h3 {(01:05} Qb6 {(00:07} 26. g4 {(01:06} R5f7
{(00:16} 27. Nd2 {(03:34} Bxd5 {(03:32} 28. Qxd5 {
(00:01} Qxb2 {(00:08} 29. Bxc4 {(01:01} Nxc4 {(
08:08} 30. Nxc4 {(00:01} Qe2 {(00:08} 31. Rd2 {(01:02}
Qe1+ {(00:06} 32. Kg2 {(00:00} Bh4 {(02:26} 33. Qxc5 {
(00:10} Rf3 {(00:53} 34. e6 {(02:14} Rg3+ {(00:
52} 35. fxg3 {(00:01} Qf1+ {(00:27} 36. Kh2 {(00:13}
Bxg3+ {(00:05} 0-1